 Dungeon Crawl Stone Soup version 0.29.0-4-gdea44cf6ec (webtiles) character file.

Game seed: 18012495549687580788

111 qw the Ruffian (level 4, -7/36 HPs)
             Began as a Ghoul Fire Elementalist on Aug 30, 2022.
             Mangled by a gnoll
             ... wielding a +0 halberd
              (9 damage)
             ... on level 3 of the Dungeon.
             The game lasted 00:02:57 (3456 turns).

qw the Ruffian (Ghoul Fire Elementalist)            Turns: 3456, Time: 00:02:58

Health: -7/36      AC:  6    Str: 13    XL:     4   Next: 92%
Magic:  5/5        EV: 10    Int: 10    God:
Gold:   98         SH:  0    Dex:  9    Spells: 5/6 levels left

rFire   . . .      SeeInvis .     - Unarmed
rCold   + . .      Faith    .   (no shield)
rNeg    + + +      Spirit   .   c - +0 ring mail
rPois   inf        Reflect  .   (no helmet)
rElec   .          Harm     .   (no cloak)
rCorr   .          Rampage  .   i - +0 pair of gloves
Will    .....                   (no boots)
Stlth   +.........              (no amulet)
HPRegen 0.00/turn               (no ring)
MPRegen 0.09/turn               (no ring)

@: inhibited regen
A: claws 1, cold resistance 1, negative energy resistance 3, inhibited
regeneration, torment resistance 2, devour on kill
a: no special abilities


You were on level 3 of the Dungeon.
You visited 1 branch of the dungeon, and saw 3 of its levels.

You collected 98 gold pieces.


Innate Abilities, Weirdness & Mutations

You are immune to poison.
You have sharp fingernails.
Your flesh is cold resistant. (rC+)
You are immune to negative energy. (rN+++)
You do not regenerate when monsters are visible.
You are immune to unholy pain and torment.
You thrive by killing the living.


   Skills:
 - Level 2.1 Fighting
 - Level 1.7 Dodging
 - Level 2.1 Stealth
 + Level 4.1 Unarmed Combat
 - Level 1.7 Spellcasting
 - Level 0.7 Conjurations
 - Level 2.4 Fire Magic


You had 5 spell levels left.
You knew the following spells:

 Your Spells              Type           Power      Damage    Failure   Level
a - Foxfire               Conj/Fire      16%        2x1d4     36%         1

Your spell library contained the following spells:

 Spells                   Type           Power      Damage    Failure   Level
 Scorch                   Fire           10%        2d6       36%         2
 Conjure Flame            Conj/Fire      4%         6-21      73%         3
 Inner Flame              Hex/Fire       3%         N/A       78%         3
 Flame Wave               Conj/Fire      4%         2d5       98%         4

Inventory:

Armour
 c - a +0 ring mail (worn)
 i - a +0 pair of gloves (worn)
Scrolls
 Y - 2 scrolls of identify
Potions
 b - a potion of degeneration {unknown}
 f - a potion of ambrosia {unknown}
 g - a potion of curing {unknown}
 k - a potion of brilliance {unknown}

Dungeon Overview and Level Annotations

Branches:
Dungeon (3/15)

Altars:
Sif Muna


Message History

A gnoll comes into view. It is wielding a +0 halberd.
The gnoll hits you with a +0 club!
You barely miss the gnoll. You punch the gnoll.
You kill the gnoll!
You feel better.
You closely miss the gnoll. The gnoll hits you but does no damage.
You hit the gnoll.
The gnoll is moderately wounded.
The gnoll hits you with a +0 whip.
You hit the gnoll.
The gnoll is heavily wounded.
The gnoll hits you but does no damage.
You closely miss the gnoll.
The gnoll is heavily wounded.
The gnoll barely misses you.
You hit the gnoll but do no damage.
The gnoll is heavily wounded.
You hit the gnoll.
The gnoll is severely wounded.
The gnoll closely misses you. x2
The gnoll hits you from afar with a +0 halberd!
You punch the gnoll!
You kill the gnoll!
The gnoll hits you from afar with a +0 halberd.
The gnoll closely misses you.
Your Fighting skill increases to level 2!
You hit the gnoll.
The gnoll is heavily wounded.
You hit the gnoll.
The gnoll is severely wounded.
The gnoll hits you from afar with a +0 halberd!
You barely miss the gnoll.
The gnoll is severely wounded.
The gnoll hits you from afar with a +0 halberd.
The gnoll hits you with a +0 whip.
You closely miss the gnoll.
The gnoll is severely wounded.
The gnoll hits you from afar with a +0 halberd!
You die...

#############)### #...#####
.....#......#.#######........
.....#.###...................
.......................K.....
....(#.##...#.##.............
.....#.##.....##.####...#####
######......####g# #.....
#####..####)# #...###
#.....g@# #...# ##.######
#...# ## #.# .# #######.# .#
#.......# .####.#######
......# .###### .#


You could see 2 gnolls.

Vanquished Creatures
  4 adders
  2 gnolls (D:3)
  A dart slug (D:3)
  An orc (D:3)
  3 endoplasms
  A giant cockroach (D:2)
  6 goblins
  8 hobgoblins
  A quokka (D:2)
  6 ball pythons
  6 bats
  5 frilled lizards
  2 kobolds
  7 rats
53 creatures vanquished.

Notes
Turn   | Place    | Note
-------+----------+-------------------------------------------
     0 | D:1      | qw the Ghoul Fire Elementalist began the quest for the Orb.
     0 | D:1      | Reached XP level 1. HP: 14/14 MP: 2/2
     0 | D:1      | 0 ||| qw: Version: 0.1-a-90-g952f4b7
     0 | D:1      | 0 ||| qw: Game counter: 4330
     0 | D:1      | 0 ||| qw: Always use a shield: true
     0 | D:1      | 0 ||| qw: God list: Okawaru
     0 | D:1      | 0 ||| qw: Allow faded altars: false
     0 | D:1      | 0 ||| qw: Do Orc after D:15 true
     0 | D:1      | 0 ||| qw: Do second Lair branch before Depths: true
     0 | D:1      | 0 ||| qw: Lair rune preference: random
     0 | D:1      | 0 ||| qw: Plans: Normal
     0 | D:1      | 0 ||| PLANNING D:1-11
   268 | D:1      | Reached skill level 1 in Unarmed Combat
   554 | D:1      | Reached skill level 1 in Fighting
   554 | D:1      | Reached XP level 2. HP: 23/23 MP: 3/3
  1419 | D:1      | Reached skill level 2 in Unarmed Combat
  1609 | D:1      | 1609 ||| UPGRADING to +0 ring mail.
  1619 | D:1      | 1619 ||| DROPPING +0 robe.
  1620 | D:1      | 1620 ||| READING scroll labelled EFAOGE LECYGH.
  1621 | D:1      | 1621 ||| READING scroll labelled PUEXZU VIZXUY.
  1622 | D:1      | 1622 ||| DROPPING potion of magic.
  1695 | D:2      | 1695 ||| Stepping ~*~*~tactically~*~*~ (stealth).
  1700 | D:2      | Reached XP level 3. HP: 28/28 MP: 4/4
  1998 | D:2      | Reached skill level 3 in Unarmed Combat
  2201 | D:2      | 2201 ||| Stepping ~*~*~tactically~*~*~ (stealth).
  2266 | D:2      | Reached XP level 4. HP: 35/35 MP: 5/5
  2626 | D:2      | 2626 ||| UPGRADING to +0 pair of gloves.
  2631 | D:2      | 2631 ||| READING scroll labelled FABLU DOIPAEFF.
  2632 | D:2      | 2632 ||| READING scroll labelled ZOS IGHUEGIA.
  2633 | D:2      | 2633 ||| READING 2 scrolls labelled YTZIOTTATE.
  2634 | D:2      | 2634 ||| READING scroll labelled ISIYQEIMAU.
  2637 | D:2      | 2637 ||| READING 2 scrolls labelled SIERHU YKHOIZU.
  2638 | D:2      | 2638 ||| DROPPING scroll of vulnerability.
  2721 | D:3      | 2721 ||| Stepping ~*~*~tactically~*~*~ (hiding).
  2873 | D:3      | Found a shimmering blue altar of Sif Muna.
  2890 | D:3      | 2890 ||| FLEEEEING.
  2891 | D:3      | 2891 ||| FLEEEEING.
  2892 | D:3      | 2892 ||| FLEEEEING.
  2997 | D:3      | 2997 ||| Invisible monster not found???
  3093 | D:3      | Reached skill level 4 in Unarmed Combat
  3189 | D:3      | 3189 ||| FLEEEEING.
  3242 | D:3      | 3242 ||| FLEEEEING.
  3249 | D:3      | 3249 ||| FLEEEEING.
  3250 | D:3      | 3250 ||| FLEEEEING.
  3251 | D:3      | 3251 ||| FLEEEEING.
  3427 | D:3      | 3427 ||| Stepping ~*~*~tactically~*~*~ (stealth).
  3429 | D:3      | 3429 ||| Stepping ~*~*~tactically~*~*~ (stealth).
  3430 | D:3      | 3430 ||| Stepping ~*~*~tactically~*~*~ (stealth).
  3434 | D:3      | 3434 ||| Stepping ~*~*~tactically~*~*~ (stealth).
  3438 | D:3      | 3438 ||| Stepping ~*~*~tactically~*~*~ (stealth).
  3443 | D:3      | 3443 ||| Stepping ~*~*~tactically~*~*~ (stealth).
  3455 | D:3      | HP: 7/36 [gnoll/+0 halberd (3)]
  3455 | D:3      | HP: 2/36 [gnoll/+0 whip (5)]
  3456 | D:3      | Mangled by a gnoll

Levels and vault maps discovered:
D:1:      lemuel_arrival_cross, layout_basic
D:2:      layout_basic, nicolae_titane
D:3:      layout_loops_cross, led_sif_book,
          chequers_temple_overflow_statue_of_worship, uniq_natasha

Skill      XL: |  1  2  3  4 |
---------------+-------------+-----
Unarmed Combat | 1 2 3 4 |  4.1
Fighting       | 1 2 |  2.1
Dodging        | |  1.7
Stealth        | |  2.1
Spellcasting   | |  1.7
Conjurations   | |  0.7
Fire Magic     | |  2.4

Action                   |  1- 3 |  4- 6 || total
-------------------------+-------+-------++-------
Melee: Unarmed           |   147 |    76 ||   223
       Punch             |     2 |     3 ||     5
  Use: Scroll            |     2 |     5 ||     7
Armor: Robe              |    13 |       ||    13
       Ring mail         |    27 |    15 ||    42
Dodge: Dodged            |    63 |    34 ||    97

Table legend:
 A = Non-vault XP
 B = Vault XP
 C = Vault XP percentage of total XP
 D = Non-vault monster count
 E = Vault monster count
 F = Vault count percentage of total count
                 A         B        C        D         E       F
            +---------+---------+-------+---------+---------+-------
      Total |     159 |       0 |   0.0 |      53 |       0 |   0.0
            +---------+---------+-------+---------+---------+-------
        D:1 |      28 |       0 |   0.0 |      19 |       0 |   0.0
        D:2 |      62 |       0 |   0.0 |      24 |       0 |   0.0
        D:3 |      69 |       0 |   0.0 |      10 |       0 |   0.0
            +---------+---------+-------+---------+---------+-------
